Map: Overgrown Facility

Players

PureLegacy - Winner!

  • Race: Terran Terran
  • League: Master
  • Spawn Location: 1:00

ScorpioN - Winner!

  • Race: Terran Terran
  • Spawn Location: 3:00

AKD

  • Race: Zerg Zerg
  • League: Diamond
  • Spawn Location: 7:00

nrfherder

  • Race: Zerg Zerg
  • League: Master
  • Spawn Location: 9:00

VOD

Have the link to the VOD?

Description

Time

  • Played on: Dec. 2, 2018, 3:07 p.m.
  • Length: 3:47
Show
View Real Time Build Order
Export as new Build Order

PureLegacy Terran - Winner!

Build Orders:  

Get SALT Encoding   

  12  0:01  SCV  
  13  0:13  SCV  
  14  0:18  Supply Depot  
  14  0:26  SCV  
  15  0:30  Refinery  
  15  0:39  SCV  
  16  0:45  Barracks  
  16  0:52  SCV  
  17  1:05  Barracks  
  17  1:16  Barracks  
  17  1:21  SCV  
  18  1:33  Reaper  
  18  1:39  Orbital Command  
  19  1:48  Refinery  
  19  1:53  Reaper  
  20  1:59  Supply Depot  
  20  2:05  Reaper  
  21  2:08  Reaper  
  21  2:15  SCV  
  23  2:27  Reaper  
  24  2:31  SCV  
  24  2:36  Supply Depot  
  25  2:37  Reaper  
  26  2:45  SCV  
  26  2:47  Reaper  
  28  2:57  SCV  
  29  2:59  Reaper  
  30  3:09  Reaper  
  31  3:16  Command Center  
  32  3:28  SCV  
Show
View Real Time Build Order
Export as new Build Order

ScorpioN Terran - Winner!

Build Orders:  

Get SALT Encoding   

  12  0:01  SCV  
  13  0:13  SCV  
  14  0:18  Supply Depot  
  14  0:25  SCV  
  15  0:30  Refinery  
  15  0:40  SCV  
  16  0:46  Barracks  
  16  0:52  SCV  
  18  1:04  SCV  
  18  1:08  Barracks  
  18  1:16  SCV  
  19  1:28  Barracks  
  19  1:34  Reaper  
  20  1:40  Supply Depot  
  20  1:41  SCV  
  21  1:56  Reaper  
  21  1:59  Orbital Command  
  22  2:07  Refinery  
  22  2:08  Reaper  
  23  2:16  Reaper  
  24  2:25  SCV  
  25  2:30  Reaper  
  26  2:42  Reaper  
  26  2:43  SCV  
  28  2:55  SCV  
  28  2:56  Supply Depot  
  29  3:10  Reaper x2  
  31  3:23  Barracks Tech Lab  
  31  3:32  SCV  
  32  3:41  Command Center  
Show
View Real Time Build Order
Export as new Build Order

AKD Zerg 

Build Orders: Pool First 

Get SALT Encoding   

  12  0:02  Drone  
  13  0:14  Overlord  
  13  0:18  Drone  
  14  0:32  Drone x2  
  16  0:36  Drone  
  17  0:51  Drone  
  17  0:52  Spawning Pool  
  17  1:11  Hatchery  
  17  1:14  Drone  
  17  1:18  Extractor  
  16  1:19  Drone  
  17  1:27  Drone  
  18  1:32  Drone  
  18  1:39  Queen  
  21  1:43  Drone  
  22  1:50  Overlord  
  22  2:01  Drone, Extractor  
  23  2:16  Queen  
  23  2:18  Metabolic Boost  
  23  2:19  Zergling x2  
  26  2:24  Zergling x2  
  26  2:25  Queen  
  29  2:30  Overlord  
  29  2:42  Drone x2  
  31  2:54  Spine Crawler  
  31  2:57  Drone x4  
  34  3:04  Overlord  
  34  3:08  Zergling x4  
  34  3:10  Zergling x2  
Show
View Real Time Build Order
Export as new Build Order

nrfherder Zerg 

Build Orders: Hatch First 

Get SALT Encoding   

  12  0:01  Drone  
  13  0:11  Drone  
  14  0:17  Overlord  
  14  0:25  Drone, Extractor  
  15  0:36  Drone  
  15  0:37  Drone  
  17  0:57  Drone, Hatchery  
  17  1:02  Drone  
  18  1:12  Extractor  
  18  1:17  Spawning Pool  
  18  1:18  Drone  
  17  1:22  Drone  
  18  1:27  Drone  
  19  1:38  Drone  
  20  1:48  Overlord  
  20  2:04  Queen  
  22  2:09  Queen  
  22  2:10  Zergling x2  
  22  2:11  Zergling x4  
  22  2:14  Metabolic Boost  
  27  2:21  Drone  
  27  2:22  Drone  
  29  2:41  Drone x2  
  30  2:48  Drone x2  
  32  2:53  Zergling x4  
  34  2:59  Queen  
  36  3:09  Queen  
  35  3:15  Zergling x6  
  28  3:27  Drone  
  28  3:28  Drone x4  
Tags
 
Add a new tag
Caveats
  • Supply blocks, unpowered buildings, or Contaminate may cause inaccurate times.
  • Supply counts are checked every 10 seconds.